 Dungeon Crawl Stone Soup version 0.23-a0-143-g1adec7bb76 (webtiles) character file.

7867 PikkenKukken the Slicer (level 11, -2/84 HPs)
             Began as a Demonspawn Fighter on Sept 2, 2018.
             Was a High Priest of Okawaru.
             Slain by Snorg (23 damage)
             ... on level 10 of the Dungeon.
             The game lasted 00:22:45 (10289 turns).

PikkenKukken the Slicer (Demonspawn Fighter)       Turns: 10289, Time: 00:22:46

Health: -2/84      AC: 22    Str: 23    XL:     11   Next: 2%
Magic:  9/15       EV: 14    Int: 10    God:    Okawaru [*****.]
Gold:   699        SH: 13    Dex: 18    Spells: 10/10 levels left

rFire    . . .     SeeInvis .   v - +1 short sword (protect) (curse)
rCold    . . .     Gourm    .   c - +0 shield
rNeg     . . .     Faith    .   m - +3 chain mail
rPois    +         Spirit   .   (helmet restricted)
rElec    .         Reflect  .   (no cloak)
rCorr    .         Harm     .   (no gloves)
MR       +....                  (no boots)
Stlth    ++........             n - amulet of rage
HPRegen  0.24/turn              y - ring of poison resistance
MPRegen  0.14/turn              A - ring of protection from magic

@: mighty, heroism, protection aura, berserk cooldown, slowed, drained, very
slow
A: claws 1, horns 1, talons 2, thin skeletal structure 3, clumsy 1, spiny 1
a: Heroism, Finesse, Renounce Religion, Evoke Berserk Rage


You were on level 10 of the Dungeon.
You worshipped Okawaru.
Okawaru was extremely pleased with you.
You were very hungry.

You visited 1 branch of the dungeon, and saw 10 of its levels.
You visited the Abyss 1 time.

You collected 699 gold pieces.

Inventory:

Hand Weapons
 a - a +0 rapier
 v - a cursed +1 short sword of protection (weapon)
Missiles
 j - 16 tomahawks (quivered)
Armour
 c - a +0 shield (worn)
 m - a +3 chain mail (worn)
Jewellery
 n - an amulet of rage (around neck)
 y - a ring of poison resistance (left claw)
 A - a ring of protection from magic (right claw)
 C - a cursed ring of attention {unknown}
Wands
 e - a wand of disintegration (22)
 l - a wand of enslavement (24)
 z - a wand of polymorph (14)
Scrolls
 b - 6 scrolls of remove curse
 i - 5 scrolls of identify
 o - 4 scrolls of fear
 q - 6 scrolls of teleportation
 r - a scroll of magic mapping
 x - 2 scrolls of amnesia
Potions
 d - 3 potions of might
 g - 3 potions of mutation
 h - 2 potions of curing
 k - a potion of lignification
 p - 3 potions of brilliance
 s - a potion of berserk rage
 u - 2 potions of haste
 w - a potion of cancellation
Miscellaneous
 B - a sack of spiders
Comestibles
 f - 15 rations
 t - 3 chunks of flesh


   Skills:
 + Level 7.0(11.8) Fighting
 * Level 8.5(13.2) Short Blades
 + Level 6.4(11.2) Armour
 + Level 5.6(10.3) Dodging
 + Level 6.5(11.2) Shields
 + Level 5.4(5.2) Invocations
 - Level 5.1(4.9) Evocations


You had 10 spell levels left.
You didn't know any spells.
Your spell library contained the following spells:

 Spells                   Type           Power        Failure   Level  Hunger
 Animate Skeleton         Necr           N/A          97%         1    ##.....
 Apportation              Tloc           #.....       97%         1    ##.....
 Confusing Touch          Hex            #.....       97%         1    ##.....
 Magic Dart               Conj           #...         97%         1    ##.....
 Sandblast                Erth           #.....       97%         1    ##.....
 Sting                    Conj/Pois      #...         97%         1    ##.....
 Summon Small Mammal      Summ           #...         97%         1    ##.....
 Passwall                 Tmut/Erth      #.......     99%         2    ###....
 Poisonous Vapours        Pois/Air       #.....       99%         2    ###....
 Sublimation of Blood     Necr           #.........   99%         2    ###....
 Ignite Poison            Fire/Tmut/Pois #.......     100%        3    ####...
 Mephitic Cloud           Conj/Pois/Air  #.......     100%        3    ####...
 Stone Arrow              Conj/Erth      #.....       100%        3    ####...
 Force Lance              Conj/Tloc      #.......     100%        4    #####..
 Olgreb's Toxic Radiance  Pois           #.......     100%        4    #####..
 Petrify                  Tmut/Erth      #.......     100%        4    #####..
 Alistair's Intoxication  Tmut/Pois      #.......     100%        5    ######.
 Fireball                 Conj/Fire      #.........   100%        5    ######.
 Irradiate                Conj/Tmut      #.........   100%        5    ######.
 Iskenderun's Battlesphe  Conj/Chrm      #.......     100%        5    ######.
 Lee's Rapid Deconstruct  Erth           #.........   100%        5    ######.
 Venom Bolt               Conj/Pois      #.........   100%        5    ######.


Dungeon Overview and Level Annotations

Branches:
Dungeon (10/15)            Temple (0/1) D:6            Lair (0/6) D:8
    Orc (0/2) D:9

Altars:
Ashenzari
Cheibriados
Dithmenos
Elyvilon
Fedhas
Gozag
Makhleb
Nemelex Xobeh
Okawaru
Qazlal
Ru
Wu Jian

Shops:
D:10 (

Annotations:
D:10 Snorg


Innate Abilities, Weirdness & Mutations

You have razor-sharp toenails.
You have an unnaturally thin skeletal structure. (Dex +6, Stealth++)
You are partially covered in sharp spines.
You have sharp fingernails.
You have a pair of small horns on your head.
You are clumsy. (Dex -2)


Message History

You claw Snorg.
Snorg is lightly wounded.
You block Snorg's attack. x2; Snorg barely misses you.
You hit Snorg. You headbutt Snorg.
Snorg is lightly wounded.
Snorg is struck by your spines. Snorg closely misses you.
You block Snorg's attack. Snorg claws you.
* * * LOW HITPOINT WARNING * * *
You puncture Snorg!
Snorg is moderately wounded.
You block Snorg's attack. x2; Snorg claws you but does no damage.
You hit Snorg. Your kick misses Snorg.
Snorg is moderately wounded.
You block Snorg's attack. Snorg claws you.
* * * LOW HITPOINT WARNING * * *
You block Snorg's attack.
You feel very mighty all of a sudden.
You block Snorg's attack. x2; Snorg claws you but does no damage.
Snorg is struck by your spines. Snorg bites you!!
You die...

## #### ...o .. #... #.#.
##.## #... ..o. ....#
#######.(. #.. #.#.#
#......... #...#.#(#
#.........
###...#.#.#########.........
.........5T@)†)...'.........
######.#.#########.......##
........#..# #.......#
......####.# ##.######
...... #.## #.# ...?. #..##
#.# ..... #...# #.# ./..
#...# #.# ## /... #...# #.#
#.


You could see Snorg (berserk) and a quasit.

Vanquished Creatures
  Harold (D:9)
  A two-headed ogre (D:10)
  Pikel (D:9)
  A troll (D:9)
  3 yaks (D:9)
  2 hungry ghosts
  2 basilisks
  Menkaure (D:4)
  A warg (D:9)
  A water moccasin (D:9)
  2 porcupines (D:8)
  6 orc warriors
  2 slaves (D:9)
  A black bear (D:9)
  2 sky beasts (D:9)
  5 ice beasts
  An ogre (D:5)
  A necrophage (D:7)
  4 wolves
  4 centaurs
  2 crocodiles
  4 bullfrogs
  A wyvern skeleton (D:9)
  2 scorpions (D:7)
  A water moccasin skeleton (D:6)
  7 wights
  2 howler monkeys
  2 centaur zombies (D:8)
  A bullfrog zombie (D:5)
  3 hounds
  A jelly (D:6)
  9 orc priests
  6 iguanas
  7 orc wizards
  5 worker ants
  7 gnolls
  2 worker ant zombies
  17 adders
  3 shadow imps
  2 adder skeletons
  2 worms (D:2)
  3 dart slugs
  5 leopard geckos
  36 orcs
  4 bats
  6 giant cockroaches
  4 goblins
  4 hobgoblins
  13 jackals
  8 kobolds
  7 quokkas
  2 ball pythons
  5 frilled lizards
  A jackal skeleton (D:4)
  A leopard gecko zombie (D:3)
  A quokka skeleton (D:5)
  8 rats
236 creatures vanquished.

Vanquished Creatures (others)
  A slave (D:9)
  A worm (D:6)
  A giant cockroach (D:6)
3 creatures vanquished.

Grand Total: 239 creatures vanquished

Notes
Turn   | Place    | Note
-------+----------+-------------------------------------------
     0 | D:1      | PikkenKukken the Demonspawn Fighter began the quest for the
                  | Orb.
     0 | D:1      | Reached XP level 1. HP: 18/18 MP: 1/1
    65 | D:1      | Gained mutation: You are partially covered in sharp spines.
                  | [demonic ancestry]
    65 | D:1      | Reached XP level 2. HP: 24/24 MP: 2/2
   302 | D:1      | Reached skill level 2 in Short Blades
   916 | D:2      | Reached XP level 3. HP: 29/29 MP: 3/3
   941 | D:2      | Reached skill level 1 in Dodging
  1235 | D:2      | Reached XP level 4. HP: 28/35 MP: 4/4
  1956 | D:2      | Found an iron altar of Okawaru.
  2564 | D:3      | Gained mutation: You have sharp toenails. [demonic
                  | ancestry]
  2564 | D:3      | Reached XP level 5. HP: 37/41 MP: 5/5
  2687 | D:3      | Found a shadowy altar of Dithmenos.
  2732 | D:2      | Became a worshipper of Warmaster Okawaru
  2872 | D:3      | Reached skill level 3 in Short Blades
  2876 | D:3      | Reached skill level 1 in Evocations
  3048 | D:3      | Reached skill level 1 in Invocations
  3050 | D:3      | Gained mutation: You have razor-sharp toenails. [demonic
                  | ancestry]
  3050 | D:3      | Reached XP level 6. HP: 9/48 MP: 6/6
  3913 | D:4      | Gained mutation: You are clumsy. (Dex -2) [potion of
                  | mutation]
  3913 | D:4      | Gained mutation: You have a pair of small horns on your
                  | head. [potion of mutation]
  3913 | D:4      | Gained mutation: You have sharp fingernails. [potion of
                  | mutation]
  3962 | D:4      | Found an opulent altar of Gozag.
  3962 | D:4      | Found a blossoming altar of Fedhas.
  3963 | D:4      | Found a burning altar of Makhleb.
  3966 | D:4      | Found a sparkling altar of Nemelex Xobeh.
  3966 | D:4      | Found a shattered altar of Ashenzari.
  3967 | D:4      | Found a sacrificial altar of Ru.
  4023 | D:4      | Noticed Menkaure
  4046 | D:4      | Killed Menkaure
  4046 | D:4      | Reached * piety under Okawaru
  4046 | D:4      | Gained mutation: You have a somewhat thin skeletal
                  | structure. (Dex +2, Stealth) [demonic ancestry]
  4046 | D:4      | Reached XP level 7. HP: 29/54 MP: 8/8
  4329 | D:4      | Reached skill level 4 in Short Blades
  4851 | D:5      | Entered Level 5 of the Dungeon
  5140 | D:4      | Cast into level 2 of the Abyss (gnoll)
  5200 | Abyss:2  | Noticed an ancient zyme
  5204 | Abyss:2  | Noticed a tentacled starspawn
  5206 | D:4      | Escaped the Abyss
  5212 | D:4      | Gained mutation: You have a moderately thin skeletal
                  | structure. (Dex +4, Stealth+) [demonic ancestry]
  5212 | D:4      | Reached XP level 8. HP: 61/61 MP: 10/10
  5572 | D:5      | Reached ** piety under Okawaru
  5572 | D:5      | Reached skill level 5 in Short Blades
  5702 | D:5      | Identified the Catalogue of Arcane Weapons
  6035 | D:6      | Reached skill level 5 in Fighting
  6346 | D:6      | Found a stormy altar of Qazlal.
  6421 | D:6      | Gained mutation: You have an unnaturally thin skeletal
                  | structure. (Dex +6, Stealth++) [demonic ancestry]
  6421 | D:6      | Reached XP level 9. HP: 53/68 MP: 12/12
  6738 | D:6      | Found a staircase to the Ecumenical Temple.
  6982 | D:7      | Reached skill level 6 in Short Blades
  7064 | D:7      | Found an ornate altar of the Wu Jian Council.
  7207 | D:7      | Found a white marble altar of Elyvilon.
  7243 | D:7      | Reached skill level 5 in Shields
  7312 | D:7      | Reached skill level 5 in Armour
  7651 | D:7      | Reached *** piety under Okawaru
  8050 | D:8      | Reached **** piety under Okawaru
  8050 | D:8      | Reached skill level 7 in Short Blades
  8226 | D:8      | Found a staircase to the Lair.
  8419 | D:8      | Reached XP level 10. HP: 76/76 MP: 13/13
  8720 | D:9      | Noticed Pikel
  8747 | D:9      | Killed Pikel
  8750 | D:9      | Found a snail-covered altar of Cheibriados.
  8858 | D:9      | Reached skill level 5 in Evocations
  8995 | D:9      | Got a heavily jewelled robe
  9006 | D:9      | Identified the +2 robe of Fun and Games {MR+} (You found it
                  | on level 9 of the Dungeon)
  9043 | D:9      | Reached skill level 5 in Dodging
  9067 | D:9      | Found a staircase to the Orcish Mines.
  9326 | D:9      | Reached ***** piety under Okawaru
  9406 | D:9      | Reached skill level 8 in Short Blades
  9658 | D:9      | Noticed Harold
  9670 | D:9      | Killed Harold
  9670 | D:9      | Reached skill level 5 in Invocations
  9911 | D:10     | Entered Level 10 of the Dungeon
  9911 | D:10     | Found Fiuwnapp's Weapon Emporium.
 10233 | D:10     | Noticed a two-headed ogre
 10256 | D:10     | Killed a two-headed ogre
 10256 | D:10     | Reached XP level 11. HP: 73/84 MP: 6/15
 10277 | D:10     | Noticed Snorg
 10289 | D:10     | Slain by Snorg

Vault maps used:
D:1:      minmay_arrival_four_circles
D:2:      nicolae_overflow_hidden_temple, serial_forest,
          infiniplex_forest_straight_2, infiniplex_forest_clump_small,
          infiniplex_forest_straight_2, infiniplex_forest_lined_1,
          infiniplex_forest_lined_3_way, infiniplex_forest_clump_diagonal,
          infiniplex_forest_end_1, first_ration, minmay_unequal
D:3:      kb_forest_paths, grunt_dithmenos_smoke_and_mirrors
D:4:      grunt_temple_overflow_open, uniq_menkaure
D:6:      nicolae_overflow_crystal_walls, lemuel_temple_firewalk_b
D:7:      kennysheep_little_box, elyvilon_altar_3
D:8:      minmay_lair_entry_grove
D:9:      lemuel_crystal_altar, david_orc_1_choice, uniq_pikel, uniq_harold
D:10:     serial_shops, nicolae_shop_crystal, uniq_snorg
Abyss:2:  hangedman_cross_veins

Skill      XL: |  1  2  3  4  5  6  7  8  9 10 |
---------------+-------------------------------+-----
Short Blades   | 2 3 4 5 7 8 |  8.5
Armour         | 3 4 5 6 |  6.4
Dodging        | 1 2 3 4 5 |  5.6
Shields        | 3 4 5 6 |  6.5
Evocations     | 1 2 3 4 5 |  5.1
Invocations    | 1 2 3 4 5 |  5.4
Fighting       | 4 5 6 7 |  7.0

Action                   |  1- 3 |  4- 6 |  7- 9 | 10-12 || total
-------------------------+-------+-------+-------+-------++-------
Melee: Rapier            |    51 |   118 |   310 |       ||   479
       Short sword       |    79 |    87 |    23 |   197 ||   386
       Kick              |       |    28 |   119 |    86 ||   233
       Headbutt          |       |     3 |    73 |    57 ||   133
Invok: Heroism           |       |       |     5 |     4 ||     9
       Finesse           |       |       |       |     1 ||     1
 Abil: Evoke Berserk Rag |       |       |     5 |     4 ||     9
  Use: Scroll            |     3 |     8 |     9 |       ||    20
       Potion            |     2 |     2 |       |     1 ||     5
  Eat: Chunk             |     1 |     9 |    15 |    12 ||    37
       Ration            |       |       |     1 |       ||     1
Armor: Scale mail        |    28 |    43 |       |       ||    71
       Skin              |    30 |       |       |       ||    30
       Chain mail        |       |    13 |   129 |    61 ||   203
Dodge: Dodged            |    27 |    40 |    89 |    40 ||   196
Block: Shield            |    66 |    81 |   161 |    70 ||   378

Table legend:
 A = Non-vault XP
 B = Vault XP
 C = Vault XP percentage of total XP
 D = Non-vault monster count
 E = Vault monster count
 F = Vault count percentage of total count
                 A         B        C        D         E       F
            +---------+---------+-------+---------+---------+-------
      Total |    7150 |    4089 |  36.4 |     202 |      32 |  13.7
            +---------+---------+-------+---------+---------+-------
        D:1 |      32 |       0 |   0.0 |      16 |       0 |   0.0
        D:2 |     134 |       4 |   2.9 |      26 |       2 |   7.1
        D:3 |     212 |      88 |  29.3 |      26 |       5 |  16.1
        D:4 |     732 |     175 |  19.3 |      35 |       1 |   2.8
        D:5 |     574 |       0 |   0.0 |      15 |       0 |   0.0
        D:6 |     924 |       0 |   0.0 |      24 |       0 |   0.0
        D:7 |    1062 |     643 |  37.7 |      19 |       6 |  24.0
        D:8 |     179 |     849 |  82.6 |       9 |       7 |  43.8
        D:9 |    2048 |    2330 |  53.2 |      19 |      11 |  36.7
       D:10 |    1253 |       0 |   0.0 |      13 |       0 |   0.0
            +---------+---------+-------+---------+---------+-------
